 Dungeon Crawl Stone Soup version 0.16.1-18-g436b03c (webtiles) character file.

198 4tharraofdagon the Chopper (level 5, 0/45 HPs)
             Began as a Ghoul Gladiator on May 10, 2015.
             Slain by a giant frog (6 damage)
             ... on level 6 of the Dungeon.
             The game lasted 00:03:32 (992 turns).

4tharraofdagon the Chopper (Ghoul Gladiator)         Turns: 992, Time: 00:03:32

Health: 0/45       AC:  6    Str: 19    XL:     5   Next: 76%
Magic:  4/4        EV: 11    Int:  4    God:
Gold:   99         SH:  0    Dex:  9    Spells: 0 memorised, 4 levels left

rFire  . . .     SeeInvis .     a - +0 war axe
rCold  + + .     Clarity  .     l - +0 ring mail (curse)
rNeg   + + +     SustAb   .     (no shield)
rPois  ∞         Gourm    .     c - +0 helmet
rElec  .         Spirit   .     (no cloak)
rCorr  .         Warding  .     (no gloves)
rMut   .         Stasis   .     (no boots)
MR     .....                    (no amulet)
Stlth  ..........               (no ring)
                                j - ring of protection from cold

@: rotting, not resistant to hostile enchantments, extremely unstealthy
A: rotting body, claws 1, carnivore 3, cold resistance 1, negative energy
resistance 3, poison resistance, slow healing 1, torment resistance, unbreathing
a: no special abilities


You were on level 6 of the Dungeon.
You were not hungry.

You visited 1 branch of the dungeon, and saw 6 of its levels.

You collected 99 gold pieces.

Inventory:

Hand weapons
 a - a +0 war axe (weapon)
Missiles
 d - 2 throwing nets (quivered)
Armour
 b - a cursed +0 leather armour
 c - a +0 helmet (worn)
 l - a cursed +0 ring mail (worn)
Jewellery
 j - a ring of protection from cold (left claw)
Scrolls
 e - 2 scrolls of identify {unknown}
 f - a scroll of magic mapping {unknown}
 h - 2 scrolls of blinking {unknown}
 i - 2 scrolls of teleportation {unknown}
 n - 2 scrolls of random uselessness {unknown}
 q - a scroll of noise {unknown}
 s - a scroll of enchant armour {unknown}
Potions
 g - a potion of curing
 k - a potion of beneficial mutation {unknown}
 m - a potion of brilliance {unknown}
 o - a potion of mutation {unknown}
 p - a potion of restore abilities {unknown}
 r - a potion of resistance {unknown}


   Skills:
 + Level 3.3 Fighting
 * Level 4.1 Axes
 - Level 1.7 Throwing
 + Level 1.9 Armour
 + Level 3.5 Dodging


You had 4 spell levels left.
You didn't know any spells.

Dungeon Overview and Level Annotations

Branches:
Dungeon (6/15)
 Temple: D:4-7

Altars:
Elyvilon

Shops:
D:6 %

Annotations:
D:3 Purkka's ghost, average HuGl


Innate Abilities, Weirdness & Mutations

Your body is rotting away.
You thrive on raw meat.
You have sharp fingernails.
You are carnivorous and can eat meat at any time.
Your flesh is cold resistant.
You are immune to negative energy.
Your system is resistant to poisons.
You heal slowly when monsters are visible.
You are immune to unholy pain and torment.
You can survive without breathing.


Message History

You hit the centaur skeleton.
You destroy the centaur skeleton!
Your Axes skill increases to level 4!
The giant frog struggles against the net. x2
The net rips apart, and the giant frog comes free!
You closely miss the giant frog. The giant frog hits you.
The giant frog barely misses you.
You closely miss the giant frog. The giant frog barely misses you.
The giant frog barely misses you.
You closely miss the giant frog. The giant frog hits you.
* * * LOW HITPOINT WARNING * * *
The giant frog hits you.
* * * LOW HITPOINT WARNING * * *
You barely miss the giant frog.
The giant frog hits you but does no damage.
The giant frog closely misses you.
You completely miss the giant frog.
The giant frog hits you but does no damage.
The giant frog hits you.
You die...

#.. #... . #..# #
##..####. #.........
.### #.........
....##.......
#.......F.# #..@# #
##..# #### #..##
..<##..# ##..#####..#
.......# #.........#
........##
##......#....
....###...#####..######
#.### ...#......# ..#
#........#


You could see a giant frog.

Vanquished Creatures
  Menkaure (D:6)
  A centaur skeleton (D:6)
  2 adders
  A giant mite (D:3)
  A giant gecko (D:4)
  2 giant cockroaches (D:3)
  5 goblins
  2 hobgoblins
  4 kobolds
  3 bats
  A giant newt (D:1)
  5 jackals
  4 rats
  3 ballistomycetes (D:6)
35 creatures vanquished.

Vanquished Creatures (others)
  A giant spore (D:6)
1 creature vanquished.

Grand Total: 36 creatures vanquished

Notes
Turn   | Place    | Note
--------------------------------------------------------------
     0 | D:1      | 4tharraofdagon, the Ghoul Gladiator, began the quest for the Orb.
     0 | D:1      | Reached XP level 1. HP: 17/17 MP: 1/1
    60 | D:1      | Reached XP level 2. HP: 22/25 MP: 2/2
   342 | D:2      | Found a white marble altar of Elyvilon.
   402 | D:3      | Reached skill level 3 in Axes
   508 | D:3      | Reached XP level 3. HP: 28/30 MP: 3/3
   519 | D:3      | Reached skill level 1 in Armour
   667 | D:3      | Noticed Purkka's ghost (average HuGl)
   814 | D:5      | Entered Level 5 of the Dungeon
   877 | D:6      | Reached XP level 4. HP: 11/37 MP: 3/3
   900 | D:6      | Noticed Menkaure
   913 | D:6      | Killed Menkaure
   913 | D:6      | Reached XP level 5. HP: 10/45 MP: 4/4
   929 | D:6      | Found Zoam Dela's Food Emporium.
   981 | D:6      | Noticed a giant frog
   987 | D:6      | Reached skill level 4 in Axes
   992 | D:6      | Slain by a giant frog

Action                   |  1- 3 |  4- 6 || total
-------------------------+-------+-------++-------
Melee: War axe           |    90 |    31 ||   121
Throw: Throwing net      |       |     3 ||     3
  Use: Potion            |     1 |     1 ||     2
  Eat: Chunk             |     4 |       ||     4
